 Dungeon Crawl Stone Soup version 0.31-a0-978-g1e143483b6 (webtiles) character file.

Game seed: 1538203581970027594

3775 ytrimaz the Covert (level 10, -3/58 HPs)
             Began as an Octopode Shapeshifter on Oct 30, 2023.
             Was an Initiate of Ashenzari.
             Slain by a gnoll sergeant
             ... wielding a +0 trident
              (6 damage)
             ... on level 9 of the Dungeon.
             The game lasted 00:08:56 (7445 turns).

ytrimaz the Covert (Octopode Shapeshifter)          Turns: 7445, Time: 00:08:57

Health: -3/58      AC:  1    Str: 16    XL:     10   Next: 16%
Magic:  10/10      EV: 21    Int: 13    God:    Ashenzari [......]
Gold:   544        SH:  0    Dex: 15    Spells: 9/9 levels left

rFire   . . .        u - +12 rapier "Beofeh" {drain, Str+2}
rCold   . . .        (no shield)
rNeg    . . .        (helmet currently unavailable)
rPois   .            (no amulet)
rElec   .            f - ring "Ruined With Me" {EV+5, Elem, Dev} (curse)
rCorr   .            (no ring)
SInv    .            (no ring)
Will    .....        (no ring)
Stlth   +++++++      (no ring)
HPRegen 0.29/turn    (no ring)
MPRegen 0.12/turn    (no ring)
                     (no ring)

%: no passive effects
@: beast-form, on berserk cooldown, slowed, very slow
A: beast (slay +4), almost no armour, amphibious, 8 rings, camouflage 1,
gelatinous body 1, (nimble swimmer 1), tentacles
a: Begin Untransformation, Renounce Religion, Curse Item, Shatter the Chains


You were on level 9 of the Dungeon.
You worshipped Ashenzari.
Ashenzari was noncommittal.
You were a hulking beast.
You visited 2 branches of the dungeon, and saw 10 of its levels.
You also visited: Ossuary.

You collected 544 gold pieces.


Innate Abilities, Weirdness & Mutations

You are a hulking beast.
Your limbs bulge with bestial killing power. (Slay +4)
You cannot wear most types of armour.
You are amphibious.
You can wear up to eight rings at the same time.
Your skin changes colour to match your surroundings (Stealth+).
Your rubbery body absorbs attacks. (AC +1, EV +1)
((You are camouflaged when in or above water. (Stealth+)))
You have tentacles for arms and can constrict up to eight enemies at once.


   Skills:
 - Level 1.0 Fighting
 * Level 7.4 Dodging
 + Level 14.0 Stealth
 - Level 3.0 Unarmed Combat
 * Level 7.2(7.6) Shapeshifting


You had 9 spell levels left.
You didn't know any spells.
Your spell library contained the following spells:

 Spells                   Type           Power      Damage    Failure   Level
 Blink                    Tloc           0%         N/A       43%         2
 Cigotuvi's Dreadful Rot  Necr/Pois/Air  0%         N/A       43%         2
 Ignite Poison            Fire/Tmut/Pois 0%         N/A       67%         3
 Dispel Undead            Necr           0%         3d6       97%         4
 Manifold Assault         Tloc           0%         N/A       97%         4
 Freezing Cloud           Conj/Ice/Air   0%         6-21      100%        5
 Death Channel            Necr           0%         N/A       100%        6

Inventory:

Hand Weapons
 u - the +12 rapier "Beofeh" (weapon) {drain, Str+2}
   (You found it on level 5 of the Dungeon)

   Str+2:     It affects your strength (+2).
Jewellery
 f - the cursed ring "Ruined With Me" (left tentacle) {EV+5, Elem, Dev}
   (You found it on level 1 of the Dungeon)

   [ring of evasion]

   EV+5:      It affects your evasion (+5).
   It has a curse which improves the following skills: Elements: Fire Magic, Ice
   Magic, Air Magic and Earth Magic.
   Devices:   Evocations and Shapeshifting.
 y - a ring of see invisible
   (You found it on level 6 of the Dungeon)
Talismans
 b - a beast talisman
 c - a flux talisman
Wands
 o - a wand of flame (98) (quivered)
   (You took it off Robin on level 3 of the Dungeon)
Scrolls
 d - 2 scrolls of fear {unknown}
 e - a scroll of torment
 i - 2 scrolls of immolation {unknown}
 k - a scroll of fog
 n - 5 scrolls of noise
 q - 2 scrolls of amnesia {unknown}
 s - 3 scrolls of revelation
 v - a scroll of blinking {unknown}
 w - a scroll of enchant armour {unknown}
 z - a scroll of teleportation
 A - a scroll of poison {unknown}
 B - a scroll of brand weapon {unknown}
Potions
 g - a potion of invisibility {unknown}
 h - 2 potions of magic {unknown}
 j - 4 potions of resistance
 l - 2 potions of berserk rage
 m - 6 potions of curing
 p - a potion of attraction {unknown}
 t - 7 potions of haste
 x - 3 potions of enlightenment {unknown}
 C - 4 potions of heal wounds {unknown}
Miscellaneous
 a - a phantom mirror
   (You found it on level 9 of the Dungeon)

Dungeon Overview and Level Annotations

Branches:
Dungeon (9/15) Zot: 26894  Temple (1/1) D:7 Zot: 5979 Ossuary (visited)
   Lair: D:8-11         Orc: D:9-12

Altars:
Ashenzari
Cheibriados
Dithmenos
Elyvilon
Fedhas
Gozag
Hepliaklqana
Kikubaaqudgha
Makhleb
Nemelex Xobeh
Okawaru
Qazlal
Ru
Sif Muna
Trog
Uskayaw
Vehumet
Wu Jian
Xom
Yredelemnul
Zin

Annotations:
D:3 1 runed translucent door, Crazy Yiuf
D:6 3 runed translucent doors, Maxmaps's ghost, novice OpSh

#.# #.#....#
#.#################.#.# .#
#.....................##.###
##############.............
. #.###......... ...
#.##.#.####.##..##
#..>.##.###.......
#....###gg)g......
#####h.g.##g#####.#.##
#....g#g.#.## #######.#.##
#.#.# #.#.# #...# #.### #.#
..#


You could see a gnoll sergeant and 2 gnolls.


Message History

The steam dragon breathes steam at you.
The ball of steam hits you but does no damage.
You hear a shout! x2 😮 HP[+1]
You puncture the steam dragon!
You are engulfed in a cloud of scalding steam.
The steam dragon bites you but does no damage.
The steam dragon claws you but does no damage.
The steam dragon bites you but does no damage.
The steam dragon claws you but does no damage.
Unknown command.
You barely miss the steam dragon.
Your transformation is almost over.
The steam dragon bites you.
* * * LOW HITPOINT WARNING * * *
The steam dragon claws you but does no damage.
The steam dragon bites you but does no damage.
The steam dragon barely misses you. 😨 HP[-5]
You take 5 damage, and now have 39/87 hp.
You hit the steam dragon but do no damage.
The steam dragon breathes steam at you. The ball of steam hits you!!
* * * LOW HITPOINT WARNING * * *
The steam dragon bites you but does no damage.
The steam dragon claws you but does no damage.
You hear a shout! 😱 HP[-19]
You take 19 damage, and now have 20/87 hp.
MASSIVE DAMAGE!! (PAUSE)
You barely miss the steam dragon.
You are engulfed in a cloud of scalding steam.
* * * LOW HITPOINT WARNING * * *
The steam dragon bites you but does no damage.
The steam dragon claws you.
* * * LOW HITPOINT WARNING * * *
The steam dragon bites you but does no damage.
The steam dragon claws you but does no damage.
Unknown command.
You hit the steam dragon. The steam dragon breathes steam at you.
The ball of steam hits you but does no damage.
You puncture the steam dragon!
You kill the steam dragon!
The steam dragon scales are intact enough to wear.
You are engulfed in a cloud of scalding steam.
A gnoll comes into view. It is wielding a +0 flail.
The gnoll sergeant completely misses you.
Unknown command. 😱 HP[-8]
You take 8 damage, and now have 12/87 hp.
You cannot move.
Unknown command.
You cannot move.
Unknown command.
You feel better.
You feel less wooden.
You turn into a hulking beast.
The gnoll shouts!
The gnoll sergeant misses you.
A gnoll comes into view. It is wielding a +0 flail.
The gnoll sergeant closely misses you.
You now have 58 max hp (-29).
Aiming: Throw Flame
Press: ? - help, Q - select action, (/) - cycle Shift-Dir - straight line, f - gnoll sergeant
Aim: a gnoll sergeant, wielding a +0 trident, wearing a +0 ring mail and wearing a +0 kite shield (81% to hit)
The gnoll sergeant blocks the puff of flame.
The gnoll sergeant completely misses you. 😱 HP[+1]
Aiming: Throw Flame
Press: ? - help, Q - select action, (/) - cycle Shift-Dir - straight line, f/p - gnoll sergeant
Aim: a gnoll sergeant, wielding a +0 trident, wearing a +0 ring mail and wearing a +0 kite shield (81% to hit)
The gnoll sergeant blocks the puff of flame.
The gnoll sergeant barely misses you. x2
Aiming: Throw Flame
Press: ? - help, Q - select action, (/) - cycle Shift-Dir - straight line, f/p - gnoll sergeant
Aim: a gnoll sergeant, wielding a +0 trident, wearing a +0 ring mail and wearing a +0 kite shield (81% to hit)
The gnoll sergeant blocks the puff of flame.
The gnoll sergeant completely misses you. 😱 HP[+1] Unknown command.
Unknown command.
The gnoll sergeant misses you. 😨 HP[+1]
The gnoll sergeant misses you. 😨 HP[+1]
Okay, then.
The gnoll sergeant misses you.
The gnoll sergeant completely misses you. 😨 HP[+1]
The gnoll sergeant hits you from afar with a +0 trident!
* * * LOW HITPOINT WARNING * * *
You see here a phantom mirror. 😱 HP[-8]
You take 8 damage, and now have 9/58 hp.
a - a phantom mirror The gnoll sergeant hits you from afar with a +0 trident!
* * * LOW HITPOINT WARNING * * *
The gnoll sergeant hits you from afar with a +0 trident.
You die...

Skill      XL: |  1  2  3  4  5  6  7  8  9 |
---------------+----------------------------+-----
Stealth        | 2 3 5 6 9 10 12 14 | 14.0
Dodging        | 4 7 |  7.4
Shapeshifting  | 4 7 |  7.2
Fighting       | |  1.0
Unarmed Combat | |  3.0

Action                     |  1- 3 |  4- 6 |  7- 9 | 10-12 || total
---------------------------+-------+-------+-------+-------++-------
  Melee: Unarmed           |    49 |    72 |    80 |       ||   201
         Constrict         |    14 |    15 |    51 |       ||    80
         Tentacles         |     8 |    13 |    46 |       ||    67
         Punch             |       |     3 |     7 |       ||    10
         Rapier            |       |       |   119 |     9 ||   128
 Invoke: Curse Item        |       |       |     1 |       ||     1
  Evoke: Wand              |       |       |     5 |     3 ||     8
    Use: Scroll            |       |     5 |     6 |       ||    11
         Potion            |       |     1 |     3 |     1 ||     5
   Stab: Sleeping          |     6 |    14 |    24 |       ||    44
         Distracted        |       |     1 |     1 |       ||     2
 Armour: Skin              |    14 |    19 |    67 |    32 ||   132
  Dodge: Dodged            |    37 |    41 |   157 |    13 ||   248

Levels and vault maps discovered:
D:1:      psy_arrival_fountain, layout_basic, hellmonk_ecumenical_altar_zigzags
D:2:      layout_loops_corners, kennysheep_boxes, uniq_natasha
D:3:      layout_basic, lightli_temple_of_fire, mainiacjoe_overflow_boulevard,
          lemuel_coloured_pillars_altar, uniq_grinder, uniq_jessica,
          uniq_crazy_yiuf_cottage, uniq_robin
D:4:      layout_rooms, uniq_menkaure
D:5:      layout_loops_cross
D:6:      layout_loops_cross, ebering_ghost_rock_garden, uniq_blork_the_orc
D:7:      layout_basic, chei_slow_surprise, minmay_temple_entry_ruins
D:8:      layout_cave_pools, mainiacjoe_overflow_catwalk,
          nicolae_overflow_squiral, mainiacjoe_ossuary_entry_find_the_door,
          amcnicky_mini_corridor_feature, uniq_maggie
D:9:      layout_loops_ring, tso_oasis_becter, hiddenorc1_lemuel, minivault_27,
          uniq_erolcha
Temple:   nicolae_temple_bog_church

Notes
Turn   | Place    | Note
-------+----------+-------------------------------------------
     0 | D:1      | ytrimaz the Octopode Shapeshifter began the quest for the
                  | Orb.
     0 | D:1      | Reached XP level 1. HP: 13/13 MP: 1/1
     0 | D:1      | magus.rc [v1.9.6]
    47 | D:1      | You add the spells Blink and Manifold Assault to your
                  | library.
   107 | D:1      | Reached skill level 1 in Stealth
   217 | D:1      | Reached skill level 2 in Stealth
   232 | D:1      | Reached XP level 2. HP: 10/18 MP: 2/2
   481 | D:1      | Reached skill level 3 in Stealth
   491 | D:1      | Found a faded altar of an unknown god.
   709 | D:1      | You fall into a shaft and drop 1 floor!
   761 | D:2      | Reached XP level 3. HP: 23/23 MP: 3/3
  1045 | D:2      | Noticed Natasha
  1062 | D:2      | Killed Natasha
  1063 | D:2      | Reached skill level 4 in Stealth
  1117 | D:2      | Noticed Natasha
  1125 | D:2      | Killed Natasha
  1126 | D:2      | Reached skill level 5 in Stealth
  1126 | D:2      | Reached XP level 4. HP: 28/28 MP: 4/4
  1130 | D:2      | Noticed Natasha
  1137 | D:2      | Killed Natasha
  1138 | D:2      | Reached skill level 6 in Stealth
  1200 | D:2      | You pick up a book of Decay and begin reading...
  1200 | D:2      | You add the spells Cigotuvi's Dreadful Rot, Dispel Undead
                  | and Death Channel to your library.
  1495 | D:2      | Reached XP level 5. HP: 18/33 MP: 5/5
  1893 | D:3      | Found a sparkling altar of Nemelex Xobeh.
  1898 | D:3      | Noticed Grinder
  1903 | D:3      | Paralysed by Grinder for 5 turns
  1918 | D:3      | Killed Grinder
  1919 | D:3      | Reached skill level 9 in Stealth
  1919 | D:3      | Reached XP level 6. HP: 38/38 MP: 6/6
  2088 | D:3      | You add the spells Ignite Poison and Freezing Cloud to your
                  | library.
  2130 | D:3      | Identified the +0 helmet of Liberalism {Fly rCorr Str+3
                  | Int-4}
  2130 | D:3      | Noticed Robin
  2139 | D:3      | Killed Robin
  2343 | D:3      | Reached skill level 10 in Stealth
  2343 | D:3      | Reached XP level 7. HP: 40/43 MP: 7/7
  2463 | D:3      | Noticed Jessica
  2470 | D:3      | Killed Jessica
  2477 | D:3      | Found a stormy altar of Qazlal.
  2583 | D:3      | Found a runed translucent door.
  2584 | D:3      | Noticed Crazy Yiuf
  2660 | D:3      | Found a bloodstained altar of Trog.
  3372 | D:4      | Noticed Menkaure
  3400 | D:4      | Killed Menkaure
  3401 | D:4      | Reached skill level 11 in Stealth
  3568 | D:5      | Entered Level 5 of the Dungeon
  3910 | D:5      | Identified the +12 rapier "Beofeh" {drain, Str+2}
  4189 | D:5      | Reached skill level 12 in Stealth
  4462 | D:6      | Noticed Blork the orc
  4465 | D:6      | Killed Blork the orc
  4466 | D:6      | Reached XP level 8. HP: 41/48 MP: 8/8
  4809 | D:6      | Reached skill level 3 in Dodging
  4961 | D:6      | Reached skill level 4 in Shapeshifting
  5191 | D:6      | Found a runed translucent gate.
  5191 | D:6      | Found a runed translucent gate.
  5192 | D:6      | Found a runed translucent gate.
  5192 | D:6      | Noticed Maxmaps's ghost (novice OpSh)
  5273 | D:7      | Reached skill level 4 in Dodging
  5305 | D:7      | Found a snail-covered altar of Cheibriados.
  5371 | D:7      | Found a staircase to the Ecumenical Temple.
  5389 | D:7      | Reached XP level 9. HP: 53/53 MP: 9/9
  5396 | Temple   | Entered the Ecumenical Temple
  5406 | Temple   | Became a worshipper of Ashenzari the Shackled
  5520 | D:7      | Reached skill level 13 in Stealth
  5520 | D:7      | Reached skill level 5 in Shapeshifting
  5562 | D:7      | Reached skill level 5 in Dodging
  6341 | D:8      | Noticed Maggie
  6350 | D:8      | Killed Maggie
  6487 | D:8      | Found a sand-covered staircase.
  6507 | Ossuary  | Entered an ossuary
  6725 | D:8      | Reached skill level 6 in Dodging
  6725 | D:8      | Reached skill level 6 in Shapeshifting
  6793 | D:8      | HP: 13/53 [wight/+0 spear (5)]
  7100 | D:8      | Found an ornate altar of the Wu Jian Council.
  7101 | D:8      | Found a shimmering altar of Xom.
  7302 | D:8      | Found a blossoming altar of Fedhas.
  7407 | D:9      | Noticed a two-headed ogre
  7419 | D:9      | Killed a two-headed ogre
  7420 | D:9      | Reached skill level 7 in Dodging
  7420 | D:9      | Reached skill level 14 in Stealth
  7420 | D:9      | Reached skill level 7 in Shapeshifting
  7420 | D:9      | Reached XP level 10. HP: 58/58 MP: 10/10
  7429 | D:9      | HP: 20/87 [steam dragon/ball of steam (19)]
  7444 | D:9      | HP: 9/58 [gnoll sergeant/+0 trident (8)]
  7445 | D:9      | HP: 3/58 [gnoll sergeant/+0 trident (7)]
  7445 | D:9      | Slain by a gnoll sergeant

Vanquished Creatures
  A two-headed ogre (D:9)
  Maggie (D:8)
  Grinder (D:3)
  2 steam dragons
  Menkaure (D:4)
  2 acid dragons
  An ice beast (D:8)
  A sky beast (D:7)
  2 centaurs
  Blork the orc (D:6)
  2 kobold brigands (D:8)
  A bullfrog (D:7)
  2 scorpions (D:6)
  8 wights
  An electric eel (D:8)
  3 hounds
  4 jellies
  3 sleepcaps
  Jessica (D:3)
  4 iguanas
  Natasha (thrice) (D:2)
  3 scorpion zombies (D:8)
  8 mummies (Ossuary)
  Robin (D:3)
  5 gnolls
  3 howler monkey skeletons (D:8)
  8 adders
  A white imp (D:7)
  4 ufetubi (D:5)
  A worm (D:2)
  A dart slug (D:2)
  4 orcs
  6 bats
  4 endoplasms
  A giant cockroach (D:1)
  10 hobgoblins
  4 jackals (D:4)
  2 quokkas
  5 ball pythons
  7 frilled lizards
  2 gnoll zombies (Ossuary)
  15 goblins
  2 hobgoblin zombies (Ossuary)
  18 kobolds
  2 kobold zombies (Ossuary)
  2 orc zombies (Ossuary)
  4 rats
168 creatures vanquished.

Vanquished Creatures (others)
  A gnoll (D:9)
1 creature vanquished.

Grand Total: 169 creatures vanquished

Table legend:
 A = Non-vault XP
 B = Vault XP
 C = Vault XP percentage of total XP
 D = Non-vault monster count
 E = Vault monster count
 F = Vault count percentage of total count
                 A         B        C        D         E       F
            +---------+---------+-------+---------+---------+-------
      Total |    4035 |    1358 |  25.2 |     128 |      40 |  23.8
            +---------+---------+-------+---------+---------+-------
        D:1 |      27 |       0 |   0.0 |      18 |       0 |   0.0
        D:2 |     130 |      35 |  21.2 |      22 |       1 |   4.3
        D:3 |     155 |     360 |  69.9 |      11 |      14 |  56.0
        D:4 |     156 |     172 |  52.4 |      23 |       1 |   4.2
        D:5 |     158 |       0 |   0.0 |       9 |       0 |   0.0
        D:6 |     504 |      96 |  16.0 |      11 |       1 |   8.3
        D:7 |     934 |       0 |   0.0 |      12 |       0 |   0.0
        D:8 |     961 |     543 |  36.1 |      19 |       7 |  26.9
        D:9 |    1010 |       0 |   0.0 |       3 |       0 |   0.0
    Ossuary |       0 |     152 | 100.0 |       0 |      16 | 100.0
            +---------+---------+-------+---------+---------+-------

Skill      XL: |  1  2  3  4  5  6  7  8  9 |
---------------+----------------------------+-----
Stealth        | 2 3 5 6 9 10 12 14 | 14.0
Dodging        | 4 7 |  7.4
Shapeshifting  | 4 7 |  7.2
Fighting       | |  1.0
Unarmed Combat | |  3.0

Action                     |  1- 3 |  4- 6 |  7- 9 | 10-12 || total
---------------------------+-------+-------+-------+-------++-------
  Melee: Unarmed           |    49 |    72 |    80 |       ||   201
         Constrict         |    14 |    15 |    51 |       ||    80
         Tentacles         |     8 |    13 |    46 |       ||    67
         Punch             |       |     3 |     7 |       ||    10
         Rapier            |       |       |   119 |     9 ||   128
 Invoke: Curse Item        |       |       |     1 |       ||     1
  Evoke: Wand              |       |       |     5 |     3 ||     8
    Use: Scroll            |       |     5 |     6 |       ||    11
         Potion            |       |     1 |     3 |     1 ||     5
   Stab: Sleeping          |     6 |    14 |    24 |       ||    44
         Distracted        |       |     1 |     1 |       ||     2
 Armour: Skin              |    14 |    19 |    67 |    32 ||   132
  Dodge: Dodged            |    37 |    41 |   157 |    13 ||   248

Illustrated notes

Table legend:
 A = Kills in this place as a percentage of kills in the entire game.
 B = Kills by you in this place as a percentage of kills by you in the entire game.
 C = Kills by friends in this place as a percentage of kills by friends in the entire game.
 D = Other kills in this place as a percentage of other kills in the entire game.
 E = Experience gained in this place as a percentage of experience gained in the entire game.
 F = Experience gained in this place divided by the number of levels of this place that you have seen.
                   A       B       C       D       E      F
               +-------+-------+-------+-------+-------+----------------------
         Total | 100.0 | 100.0 |   N/A |   N/A | 100.0 | 490.3
       Dungeon |  90.5 |  90.5 |   N/A |   N/A |  97.2 | 582.3
       Ossuary |   9.5 |   9.5 |   N/A |   N/A |   2.8 | 152.0
               +-------+-------+-------+-------+-------+----------------------

Table legend: (Time is in decaauts)
 A = Elapsed time spent in this place.
 B = Non-inter-level travel time spent in this place.
 C = Inter-level travel time spent in this place.
 D = Time resting spent in this place.
 E = Time spent auto-exploring this place.
 F = Levels seen in this place.
 G = Mean time per level.
                   A        B        C        D        E       F      G
               +--------+--------+--------+--------+--------+-----+--------+
         Total |   7470 |   7194 |    276 |     65 |   5719 |  11 |  679.1 |
       Dungeon |   7254 |   6996 |    258 |     65 |   5619 |   9 |  806.0 |
        Temple |     20 |      2 |     18 |      0 |      0 |   1 |   20.0 |
       Ossuary |    195 |    195 |      0 |      0 |    100 |   1 |  195.0 |
               +--------+--------+--------+--------+--------+-----+--------+

Top non-repeatable levels by time:
     D:8: 1046 daAuts
     D:2: 987 daAuts
     D:1: 900 daAuts
     D:3: 899 daAuts
     D:5: 891 daAuts
     D:7: 862 daAuts
     D:6: 792 daAuts
     D:4: 769 daAuts
 Ossuary: 195 daAuts
     D:9: 104 daAuts
  Temple: 20 daAuts
